 Dungeon Crawl Stone Soup version 0.17-a0-1421-g95311d7 (console) character file.

967 panicbit the Covered (level 7, -13/61 HPs)
             Began as a Minotaur Fighter on June 24, 2015.
             Killed by divine providence
             ... invoked by an orc priest
              (14 damage)
             ... on level 7 of the Dungeon.
             The game lasted 00:30:24 (5150 turns).

panicbit the Covered (Minotaur Fighter)             Turns: 5150, Time: 00:30:24

Health: -13/61     AC: 13    Str: 20    XL:     7   Next: 93%
Magic:  15/15      EV:  7    Int:  5    God:
Gold:   122        SH: 10    Dex: 12    Spells: 0 memorised, 6 levels left

rFire  . . .     SeeInvis .     a - +0 war axe
rCold  . . .     Clarity  .     y - +0 chain mail
rNeg   . . .     SustAt   .     c - +0 shield
rPois  .         Gourm    .     (helmet restricted)
rElec  .         Spirit   .     f - +2 cloak
rCorr  .         Warding  .     (no gloves)
rMut   .         Stasis   .     (no boots)
MR     .....                    (no amulet)
Stlth  ..........               (no ring)
                                v - ring of magical power

@: drained, not resistant to hostile enchantments, extremely unstealthy
A: retaliatory headbutt, horns 2
a: no special abilities


You were on level 7 of the Dungeon.
You were not hungry.

You visited 1 branch of the dungeon, and saw 7 of its levels.

You collected 302 gold pieces.
You spent 180 gold pieces at shops.

Inventory:

Hand weapons
 a - a +0 war axe (weapon)
 m - a +1 flail of draining
Armour
 c - a +0 shield (worn)
 f - a +2 cloak (worn)
 y - a +0 chain mail (worn)
Jewellery
 v - a ring of magical power (left hand)
Magical devices
 n - a wand of magic darts (25)
 E - a wand of polymorph (12)
Scrolls
 b - a scroll of remove curse {unknown}
 d - a scroll of recharging {unknown}
 g - a scroll of enchant armour {unknown}
 j - 2 scrolls of random uselessness {unknown}
 l - 2 scrolls of amnesia {unknown}
 p - 2 scrolls of magic mapping {unknown}
 r - a scroll of fear {unknown}
 s - a scroll of immolation {unknown}
 u - 2 scrolls of identify {unknown}
 G - a scroll of fog {unknown}
Potions
 h - 2 potions of flight {unknown}
 o - a potion of ambrosia {unknown}
 q - 3 potions of poison {unknown}
 w - 2 potions of resistance {unknown}
 z - a potion of cure mutation {unknown}
 A - a potion of curing
 C - a potion of lignification
 D - a potion of agility {unknown}
 F - a potion of magic {unknown}
 H - a potion of berserk rage {unknown}
Comestibles
 e - 5 bread rations
 i - a slice of pizza
 k - 4 chunks of flesh
 t - a meat ration
 x - 2 beef jerkies
 B - a fruit


   Skills:
 + Level 5.2(5.0) Fighting
 + Level 5.0(4.8) Axes
 + Level 6.7(6.4) Armour
 + Level 3.6(3.3) Dodging
 + Level 0.3(0.1) Stealth
 + Level 6.7(6.4) Shields


You had 6 spell levels left.
You didn't know any spells.

Dungeon Overview and Level Annotations

Branches:
Dungeon (7/15)             Temple (0/1) D:5

Altars:
Gozag
Nemelex Xobeh
Qazlal
Trog
Yredelemnul
Zin

Shops:
D:5 }[%}

Annotations:
D:4 exclusion: moth of wrath
D:5 Duffy's ghost, average FoHu


Innate Abilities, Weirdness & Mutations

You reflexively headbutt those who attack you in melee.
You have a pair of horns on your head.


Message History

The orc priest invokes the aid of Beogh against you.
Something smites you!
You see here a giant frog corpse.
You butcher the giant frog corpse.
You see here 3 chunks of flesh.
The orc priest mumbles some strange prayers to Beogh against you.
Something smites you!
You slash the orc priest!
The orc priest is almost dead.
You block the orc priest's attack.
The orc priest hits you with a whip of distortion.
Space bends around you.
You hit the orc priest.
The orc priest is almost dead.
The orc priest hits you but does no damage.
Space warps horribly around you!
* * * LOW HITPOINT WARNING * * *
The orc priest mumbles some strange prayers to Beogh against you.
Something smites you!
You die...

#......#..........
.........#......#
........##..#####
...[..#####)###
..#.## #...## .###
#....## #..#...##
#..##...##
#..###.@.##
......##%o#
..........o..#
..................
.............)..#
............#..##
...............#
............#.#
............# .


You could see 2 orc priests.

Vanquished Creatures
  An ogre (D:6)
  A big kobold (D:6)
  2 centaurs
  2 giant frogs
  A crimson imp (D:5)
  An orc priest (D:3)
  2 orc wizards
  A jelly (D:6)
  Crazy Yiuf (D:2)
  A hound (D:6)
  An iguana (D:4)
  Jessica (D:2)
  2 worker ants (D:4)
  An adder (D:2)
  3 oozes
  10 worms
  5 giant geckos
  18 orcs
  6 giant cockroaches
  12 goblins
  9 hobgoblins
  10 jackals
  14 kobolds
  4 quokkas
  A ball python (D:2)
  10 bats
  A giant cockroach zombie (D:6)
  5 giant newts
  11 rats
137 creatures vanquished.

Notes
Turn   | Place    | Note
--------------------------------------------------------------
     0 | D:1      | panicbit the Minotaur Fighter began the quest for the Orb.
     0 | D:1      | Reached XP level 1. HP: 19/19 MP: 0/0
   146 | D:1      | Reached XP level 2. HP: 20/27 MP: 1/1
   169 | D:1      | Reached skill level 4 in Armour
   362 | D:1      | Reached XP level 3. HP: 23/33 MP: 2/2
   675 | D:2      | Reached skill level 1 in Dodging
   773 | D:2      | Reached XP level 4. HP: 32/40 MP: 3/3
   826 | D:2      | Noticed Crazy Yiuf
   901 | D:2      | Paralysed by Crazy Yiuf for 5 turns
   904 | D:2      | HP: 2/40 [Crazy Yiuf/quarterstaff of chaos (3)]
   909 | D:2      | Killed Crazy Yiuf
  1282 | D:2      | Found an opulent altar of Gozag.
  1386 | D:2      | Noticed Jessica
  1400 | D:2      | Killed Jessica
  1412 | D:2      | Identified Jessica's Papyrus of Protection (You found it on level 2 of the Dungeon)
  1495 | D:3      | Reached XP level 5. HP: 19/47 MP: 4/4
  2216 | D:3      | Reached skill level 5 in Armour
  2571 | D:4      | Reached XP level 6. HP: 53/53 MP: 5/5
  2699 | D:4      | Reached skill level 5 in Shields
  2899 | D:4      | Noticed a moth of wrath
  2902 | D:4      | Found a bloodstained altar of Trog.
  3028 | D:4      | Found a glowing silver altar of Zin.
  3323 | D:5      | Entered Level 5 of the Dungeon
  3323 | D:5      | Found a staircase to the Ecumenical Temple.
  3344 | D:5      | Found a stormy altar of Qazlal.
  3362 | D:4      | Found a basalt altar of Yredelemnul.
  3448 | D:5      | Found Guivoar's Gadget Boutique.
  3593 | D:5      | Found Veedir's Food Emporium.
  3597 | D:5      | Bought a bread ration for 60 gold pieces
  3597 | D:5      | Bought a bread ration for 60 gold pieces
  3597 | D:5      | Bought a bread ration for 60 gold pieces
  3606 | D:5      | Found Vusahirets's Antique Armour Boutique.
  3609 | D:5      | Noticed Duffy's ghost (average FoHu)
  3669 | D:6      | Found a sparkling altar of Nemelex Xobeh.
  3807 | D:6      | Found an opulent altar of Gozag.
  3836 | D:6      | Noticed a water moccasin
  3919 | D:6      | Reached skill level 5 in Fighting
  3919 | D:6      | Reached XP level 7. HP: 28/61 MP: 6/6
  4317 | D:6      | Reached skill level 6 in Armour
  4609 | D:6      | Reached skill level 5 in Axes
  4836 | D:5      | Found Qunilul's Gadget Shoppe.
  5149 | D:7      | HP: 1/61 [orc priest/whip of distortion (20)]
  5150 | D:7      | Killed from afar by an orc priest

Vault maps used:
D:1:      lightli_arrival_boilingwater
D:2:      lemuel_upstairs_altar, lemuel_round_altar, kennysheep_jessica_study,
          uniq_terence, uniq_crazy_yiuf_cottage
D:4:      nicolae_overflow_hidden_temple, tgw_trog,
          lemuel_coloured_pillars_altar, first_bread
D:5:      corexii_shantytown, grunt_qazlal_clouds, fedhas_altar_4,
          temple_fountains, serial_shops, shop, nicolae_shop_stone,
          kennysheep_mini_moat, shop_coins, nicolae_shop_waterfront,
          minmay_misc_feat_chi
D:6:      nemelex_deck, lemuel_tele_altar
D:7:      lemuel_round_altar, kennysheep_vampire_church

Action                   |  1- 3 |  4- 6 |  7- 9 || total
-------------------------+-------+-------+-------++-------
Melee: War axe           |   104 |   168 |    56 ||   328
       Unarmed           |       |     1 |       ||     1
  Use: Potion            |       |     7 |       ||     7
  Eat: Chunk             |       |     9 |     4 ||    13
       Fruit             |       |     1 |       ||     1
